 Dungeon Sprint DCSS version 0.27-a0-1177-g245c70e1c0 (webtiles) character file.

Game seed: 14289986217170630577

2132 mhtbhm the Earth Mage (level 9, -6/52 HPs)
             Began as a Gargoyle Earth Elementalist on May 17, 2021.
             Was a Priest of Vehumet.
             Mangled by Erolcha
             ... wielding a +0 giant club
              (15 damage)
             ... in the Dungeon (Sprint III: "The Ten Rune Challenge").
             The game lasted 00:04:35 (1696 turns).

mhtbhm the Earth Mage (Gargoyle Earth Elementalist) Turns: 1696, Time: 00:04:36

Health: -6/52      AC:  8    Str: 14    XL:     9   Next: 30%
Magic:  7/25       EV: 13    Int: 17    God:    Vehumet [***...]
Gold:   37         SH:  0    Dex: 12    Spells: 17/32 levels left

rFire    . . .     SeeInvis .   a - +4 club (spect)
rCold    . . .     Faith    .   (no shield)
rNeg     + . .     Spirit   .   c - +0 robe
rPois    ∞         Reflect  .   (no helmet)
rElec    +         Harm     .   (no cloak)
rCorr    .         Rampage  .   (no gloves)
Will     .....     NoTele   +   (no boots)
Stlth    +++.......             (no amulet)
HPRegen  0.17/turn              (no ring)
MPRegen  0.19/turn              (no ring)

@: no status effects
A: sickness immunity, AC +6, negative energy resistance 1, electricity
resistance, torment resistance 1, petrification resistance, agile 1, robust 1
a: Renounce Religion


You were in the Dungeon.
You worshipped Vehumet.
Vehumet was most pleased with you.
You visited 1 branch You collected 37 gold pieces.

Inventory:

Hand Weapons
 a - a +4 spectral club (weapon)
Missiles
 b - 13 stones
Armour
 c - a +0 robe (worn)
Scrolls
 e - 4 scrolls of identify
 j - 3 scrolls of torment {unknown}
Potions
 f - a potion of haste
 g - 2 potions of magic
 h - a potion of berserk rage
 k - a potion of might
 l - a potion of lignification {unknown}
 m - a potion of degeneration {unknown}
 n - 2 potions of flight
Miscellaneous
 o - a box of beasts


   Skills:
 + Level 1.6 Fighting
 + Level 3.8 Dodging
 + Level 5.4 Stealth
 + Level 12.0 Spellcasting
 + Level 5.7 Conjurations
 + Level 1.0 Transmutations
 + Level 15.7 Earth Magic
 + Level 0.2 Evocations


You had 17 spell levels left.
You knew the following spells:

 Your Spells              Type           Power      Damage    Failure   Level
a - Sandblast             Erth           100%       2d20      0%          1
b - Passwall              Tmut/Erth      31%        N/A       1%          2
c - Stone Arrow           Conj/Erth      92%        3d12      1%          3
d - Lee's Rapid Deconstr  Erth           29%        3d16*     1%          5
e - Petrify               Tmut/Erth      38%        N/A       2%          4

Your spell library contained the following spells:

 Spells                   Type           Power      Damage    Failure   Level
 Sticky Flame             Conj/Fire      19%        2d4       6%          4
 Dazzling Flash           Conj/Hex       38%        N/A       1%          3
 Corona                   Hex            11%        N/A       7%          1
 Ensorcelled Hibernation  Hex/Ice        20%        N/A       11%         2
 Confusing Touch          Hex            10%        N/A       21%         3
 Tukima's Dance           Hex            10%        N/A       21%         3


Dungeon Overview and Level Annotations

Branches:
Dungeon (1/1)

Altars:
Cheibriados
Dithmenos
Elyvilon
Fedhas
Gozag
Hepliaklqana
Kikubaaqudgha
Makhleb
Nemelex Xobeh
Okawaru
Qazlal
Ru
Sif Muna
Trog
Uskayaw
Vehumet
Wu Jian
Xom
Yredelemnul
Zin
The Shining One
Beogh
Jiyva
Lugonu

Annotations:
D Erolcha


Innate Abilities, Weirdness & Mutations

You are immune to sickness and miasma.
Your stone body is resilient. (AC +6)
You are immune to poison.
You resist negative energy. (rN+)
You are resistant to electric shocks. (rElec)
You are resistant to unholy torment.
You are immune to petrification.
You are agile. (Dex +2)
You are robust. (+10% HP)


Message History

The wall shatters!
The blast of rock fragments hits the two-headed ogre!!
The two-headed ogre is heavily wounded.
The blast of rock fragments hits something!!
Unknown command.
Unknown command.
Casting: Lee's Rapid Deconstruction (safe; 1% risk of failure)
Confirm with . or Enter, or press ? or * to list all spells.
Aiming: Lee's Rapid Deconstruction (safe; 1% risk of failure)
Press: ? - help, Dir - move target A rock wall.
The wall shatters!
The blast of rock fragments hits the two-headed ogre!!
The two-headed ogre is almost dead.
Vehumet accepts your kill.
Vehumet offers you knowledge of Sticky Flame.
You feel your power returning.
You feel a bit more experienced.
You hear some strange, mumbled words.
Something tries to affect you, but you resist.
Unknown command.
Casting: Lee's Rapid Deconstruction (safe; 1% risk of failure)
Confirm with . or Enter, or press ? or * to list all spells.
Aiming: Lee's Rapid Deconstruction (safe; 1% risk of failure)
Press: ? - help, Dir - move target A rock wall.
The wall shatters!
The blast of rock fragments hits the two-headed ogre!!
You kill the two-headed ogre!
Vehumet accepts your kill. Something hits you!
Your Spellcasting skill increases to level 12!
Unknown command.
Unknown command.
You start resting.
Something hits you!
You start resting.
Something hits you!
You start resting.
Something hits you!!
* * * LOW HITPOINT WARNING * * *
Unknown command.
You feel better. Something hits you!
You die...

### __# ._# )##
..# ..# #'#
..#+##############
..#....#.#.#....@#
..##.#))#.##.###)#
..'##)#.#.##.#..##
..#...#..#..##..
▓▓▓▓▓▓▓▓▓▓▓▓▓▓▓▓


There were no monsters in sight!

Vanquished Creatures
  A deep elf pyromancer (D)
  A redback (D)
  A shadow (D)
  A spatial vortex (D)
  A necrophage (D)
  4 two-headed ogres (D)
  A water elemental (D)
  A jelly (D)
  A wizard (D)
  Jessica (D)
  A necromancer (D)
  3 humans (D)
  A kobold demonologist (D)
  A phantom (D)
  2 endoplasms (D)
  A rat (D)
22 creatures vanquished.

Vanquished Creatures (collateral kills)
  A two-headed ogre (D)
1 creature vanquished.

Grand Total: 23 creatures vanquished

Notes
Turn   | Place    | Note
-------+----------+-------------------------------------------
     0 | D        | mhtbhm the Gargoyle Earth Elementalist began the quest for
                  | the Orb.
     0 | D        | Reached XP level 1. HP: 10/10 MP: 3/3
     4 | D        | Reached skill level 4 in Earth Magic
    48 | D        | Noticed Jessica
    63 | D        | Killed Jessica
    64 | D        | Reached skill level 6 in Earth Magic
    64 | D        | Reached XP level 2. HP: 9/15 MP: 1/6
    64 | D        | Reached XP level 3. HP: 12/19 MP: 1/7
   230 | D        | Learned a level 2 spell: Passwall
   234 | D        | Learned a level 3 spell: Stone Arrow
   331 | D        | Reached skill level 7 in Earth Magic
   499 | D        | Gained mutation: You do not regenerate when monsters are
                  | visible. [potion of mutation]
   499 | D        | Gained mutation: Armour fits poorly on your strangely
                  | shaped body. [potion of mutation]
   499 | D        | Gained mutation: You occasionally shout uncontrollably at
                  | your foes. [potion of mutation]
   499 | D        | Gained mutation: You have a pair of small horns on your
                  | head. [potion of mutation]
   500 | D        | Lost mutation: You do not regenerate when monsters are
                  | visible. [potion of mutation]
   500 | D        | Lost mutation: You have a pair of small horns on your head.
                  | [potion of mutation]
   500 | D        | Gained mutation: You are partially covered in iridescent
                  | scales. (AC +2) [potion of mutation]
   501 | D        | Lost mutation: You are partially covered in iridescent
                  | scales. (AC +2) [potion of mutation]
   501 | D        | Lost mutation: Armour fits poorly on your strangely shaped
                  | body. [potion of mutation]
   501 | D        | Lost mutation: You occasionally shout uncontrollably at
                  | your foes. [potion of mutation]
   501 | D        | Gained mutation: You are agile. (Dex +2) [potion of
                  | mutation]
   501 | D        | Gained mutation: You are robust. (+10% HP) [potion of
                  | mutation]
   517 | D        | Noticed a water elemental
   522 | D        | Killed a water elemental
   523 | D        | Reached skill level 1 in Conjurations
   523 | D        | Reached skill level 1 in Transmutations
   523 | D        | Reached skill level 8 in Earth Magic
   523 | D        | Reached XP level 4. HP: 14/26 MP: 3/10
   675 | D        | Found a radiant altar of Vehumet.
   676 | D        | Found a shimmering blue altar of Sif Muna.
   676 | D        | Found an ancient bone altar of Kikubaaqudgha.
   676 | D        | Noticed a wizard
   679 | D        | Killed a wizard
   680 | D        | Reached skill level 5 in Spellcasting
   680 | D        | Reached skill level 9 in Earth Magic
   680 | D        | Reached XP level 5. HP: 13/30 MP: 8/12
   725 | D        | Became a worshipper of Vehumet
   925 | D        | Found a basalt altar of Yredelemnul.
   925 | D        | Found a shadowy altar of Dithmenos.
   925 | D        | Found a sacrificial altar of Ru.
   925 | D        | Noticed a necrophage
   928 | D        | Killed a necrophage
   929 | D        | Reached skill level 10 in Earth Magic
   929 | D        | Reached XP level 6. HP: 35/35 MP: 3/15
  1018 | D        | Learned a level 5 spell: Lee's Rapid Deconstruction
  1023 | D        | Learned a level 4 spell: Petrify
  1034 | D        | Found a glowing silver altar of Zin.
  1034 | D        | Found a glowing golden altar of the Shining One.
  1034 | D        | Found a white marble altar of Elyvilon.
  1034 | D        | Noticed a deep elf pyromancer
  1037 | D        | Killed a deep elf pyromancer
  1037 | D        | Reached * piety under Vehumet
  1037 | D        | Offered knowledge of Magic Dart by Vehumet.
  1038 | D        | Reached skill level 1 in Fighting
  1038 | D        | Reached skill level 5 in Stealth
  1038 | D        | Reached skill level 12 in Earth Magic
  1038 | D        | Reached XP level 7. HP: 41/41 MP: 0/19
  1155 | D        | Found a hide-covered altar of Uskayaw.
  1155 | D        | Found an iron altar of Okawaru.
  1155 | D        | Found a bloodstained altar of Trog.
  1155 | D        | Found an ornate altar of the Wu Jian Council.
  1155 | D        | Noticed a human
  1155 | D        | Noticed a human
  1158 | D        | Killed a human
  1159 | D        | Reached skill level 13 in Earth Magic
  1159 | D        | Killed a human
  1160 | D        | Reached skill level 10 in Spellcasting
  1160 | D        | Reached skill level 5 in Conjurations
  1160 | D        | Reached XP level 8. HP: 47/47 MP: 3/22
  1276 | D        | Offered knowledge of Searing Ray by Vehumet.
  1276 | D        | Reached ** piety under Vehumet
  1276 | D        | Noticed a shadow
  1282 | D        | Killed a shadow
  1392 | D        | Found a blossoming altar of Fedhas.
  1392 | D        | Found a stormy altar of Qazlal.
  1392 | D        | Found a snail-covered altar of Cheibriados.
  1392 | D        | Found a burning altar of Makhleb.
  1392 | D        | Found a shimmering altar of Xom.
  1393 | D        | Found a hazy altar of Hepliaklqana.
  1393 | D        | Found an opulent altar of Gozag.
  1393 | D        | Found a sparkling altar of Nemelex Xobeh.
  1393 | D        | Found a corrupted altar of Lugonu.
  1393 | D        | Found a viscous altar of Jiyva.
  1397 | D        | Reached skill level 14 in Earth Magic
  1459 | D        | Offered knowledge of Ignite Poison by Vehumet.
  1459 | D        | Reached *** piety under Vehumet
  1467 | D        | Noticed a two-headed ogre
  1542 | D        | Killed a two-headed ogre
  1543 | D        | Reached skill level 15 in Earth Magic
  1543 | D        | Reached XP level 9. HP: 52/52 MP: 1/24
  1687 | D        | Noticed a two-headed ogre
  1687 | D        | Noticed Erolcha
  1691 | D        | Offered knowledge of Sticky Flame by Vehumet.
  1692 | D        | Killed a two-headed ogre
  1695 | D        | HP: 2/52 [something (19)]
  1696 | D        | Mangled by Erolcha

Illustrated notes

Levels and vault maps discovered:
D:        dungeon_sprint_mu [sprint_mu_entry_forest, sprint_mu_temple_rooms,
          sprint_mu_d1_spiders, sprint_mu_d2_genie, sprint_mu_d3_branching,
          sprint_mu_orc_legion, sprint_mu_elf_gauntlet, sprint_mu_hive_nellie,
          sprint_mu_lair_fedhas, sprint_mu_vaults_butterflies,
          sprint_mu_slime_circle, sprint_mu_swamp_cave, sprint_mu_shoals_archi,
          sprint_mu_blade_basic, sprint_mu_crypt_chambers,
          sprint_mu_tomb_spiral, sprint_mu_vestibule_basic,
          sprint_mu_gehenna_hellfire, sprint_mu_dis_giant,
          sprint_mu_tartarus_statrot, sprint_mu_cocytus_islands, sprint_mu_zot1]

Skill      XL: |  1  2  3  4  5  6  7  8  9 |
---------------+----------------------------+-----
Earth Magic    | 6 8 9 10 12 13 15 | 15.7
Stealth        | 3 4 5 |  5.4
Dodging        | 2 3 |  3.8
Spellcasting   | 3 4 5 6 9 10 11 12 | 12.0
Conjurations   | 1 2 4 5 |  5.7
Transmutations | 1 |  1.0
Fighting       | 1 |  1.6
Evocations     | |  0.2

Action                   |  1- 3 |  4- 6 |  7- 9 || total
-------------------------+-------+-------+-------++-------
Melee: Unarmed           |     5 |       |       ||     5
 Cast: Sandblast         |    11 |     4 |     2 ||    17
       Stone Arrow       |     4 |     3 |     2 ||     9
       Lee's Rapid Decon |       |     3 |    18 ||    21
Evoke: Box of beasts     |       |       |     1 ||     1
  Use: Potion            |     5 |       |     1 ||     6
       Scroll            |       |       |     1 ||     1
Armor: Robe              |     4 |       |       ||     4
Dodge: Dodged            |     3 |     1 |       ||     4

Table legend: (Time is in decaauts)
 A = Elapsed time spent in this place.
 B = Non-inter-level travel time spent in this place.
 C = Inter-level travel time spent in this place.
 D = Time resting spent in this place.
 E = Time spent auto-exploring this place.
 F = Levels seen in this place.
 G = Mean time per level.
                   A        B        C        D        E       F      G
               +--------+--------+--------+--------+--------+-----+--------+
         Total |   1716 |   1716 |      0 |   1319 |      1 |   1 | 1716.0 |
       Dungeon |   1716 |   1716 |      0 |   1319 |      1 |   1 | 1716.0 |
               +--------+--------+--------+--------+--------+-----+--------+

Top non-repeatable levels by time:
       D: 1716 daAuts
